 Dungeon Crawl Stone Soup version 0.29.1-1-gd02db6906a (webtiles) character file.

Game seed: 3284636953477271653

12 hawla the Cudgeller (level 2, 0/20 HPs)
             Began as a Meteoran Wanderer on Oct 6, 2022.
             Succumbed to an adder's poison
             ... on level 2 of the Dungeon.
             The game lasted 00:02:06 (271 turns).

hawla the Cudgeller (Meteoran Wanderer)              Turns: 271, Time: 00:02:07

Health: 0/20       AC:  4    Str: 14    XL:     2   Next: 64%
Magic:  3/3        EV: 11    Int: 17    God:
Gold:   21         SH:  0    Dex: 14    Spells: 1/1 levels left

rFire   . . .      SeeInvis .   a - +2 mace
rCold   . . .      Faith    .   (no shield)
rNeg    . . .      Spirit   .   d - +0 leather armour
rPois   .          Reflect  .   (no helmet)
rElec   .          Harm     .   (no cloak)
rCorr   .          Rampage  .   c - +0 pair of gloves
Will    .....                   (no boots)
Stlth   +.........              (no amulet)
HPRegen 0.06/turn               e - +6 ring of intelligence
MPRegen 0.08/turn               (no ring)

@: lethally poisoned (0 -> -6), glowing
A: sense surroundings 1, otherworldly, glowing, explore regen
a: no special abilities


You were on level 2 of the Dungeon.
You visited 1 branch of the dungeon, and saw 2 of its levels.

You collected 21 gold pieces.

Inventory:

Hand Weapons
 a - a +2 mace (weapon)
Armour
 c - a +0 pair of gloves (worn)
 d - a +0 leather armour (worn)
Magical Staves
 g - a staff of poison
Jewellery
 e - a +6 ring of intelligence (left hand)
Scrolls
 b - a scroll of silence {unknown}
 f - 2 scrolls of identify {unknown}


   Skills:
 + Level 5.0 Maces & Flails
 - Level 2.1 Stealth
 - Level 3.6 Unarmed Combat
 + Level 1.2 Evocations


You had one spell level left.
You didn't know any spells.
Your spell library was empty.

Dungeon Overview and Level Annotations

Branches:
Dungeon (2/15) Zot: 923

Altars:


Innate Abilities, Weirdness & Mutations

You passively map a small area around you.
You are easily found by Zot.
You glow in the dark.
You regain HP and MP as you explore.


Message History

You hit the frilled lizard.
You kill the frilled lizard!
Your Maces & Flails skill increases to level 5!
You see here a frilled lizard corpse.
You see here a +0 trident.
Found 3 stones.
You now have 21 gold pieces (gained 16).
An adder comes into view.
The adder hisses angrily.
You closely miss the adder. The adder bites you but does no damage.
You hit the adder.
The adder is lightly wounded.
The adder closely misses you.
You hit the adder.
The adder is lightly wounded.
The adder bites you. x2
You are poisoned.
The adder poisons you!
You hit the adder.
The adder is severely wounded.
You feel sick. The adder bites you but does no damage.
You are too injured to fight recklessly!
You are too injured to fight recklessly!
You closely miss the adder.
The adder is severely wounded.
You feel sick. The adder bites you. The adder bites you but does no damage.
You hit the adder.
The adder is almost dead.
You feel sick.
You are no longer poisoned.
The adder bites you but does no damage.
You barely miss the adder.
The adder is almost dead.
The adder completely misses you. The adder bites you.
* * * LOW HITPOINT WARNING * * *
You are lethally poisoned!
The adder poisons you!
You miss the adder.
The adder is almost dead.
You die...

...♣* ♣. , ♣...♣
*♣.. ♣...♣ ♣...
♣...♣* *♣...♣
♣..$♣♣♣...♣ *
♣...♣...♣ ,
*♣S....♣ , *♣@..♣*
#♣...♣# ##.....#
##..##..#
#..###.## , ,
########.........,
#(........###....,
,..####..### ... *
, ,, *###.## ...


You could see an adder.

Vanquished Creatures
  An endoplasm (D:1)
  A giant cockroach (D:1)
  A goblin (D:1)
  3 jackals
  2 bats
  2 frilled lizards
  A kobold (D:1)
  A rat (D:1)
12 creatures vanquished.

Notes
Turn   | Place    | Note
-------+----------+-------------------------------------------
     0 | D:1      | hawla the Meteoran Wanderer began the quest for the Orb.
     0 | D:1      | hawla set off with the following items: a +2 mace, 2
                  | potions of lignification, a +0 pair of gloves, a +0 leather
                  | armour.
     0 | D:1      | Reached XP level 1. HP: 14/14 MP: 2/2
    76 | D:1      | Reached XP level 2. HP: 18/20 MP: 3/3
   244 | D:2      | Reached skill level 5 in Maces & Flails
   271 | D:2      | Succumbed to an adder's poison

Illustrated notes

Levels and vault maps discovered:
D:1:      dpeg_arrival_signposts, layout_basic
D:2:      layout_rooms, hellmonk_ecumenical_altar_the_god_not_taken

Skill      XL: |  1  2 |
---------------+-------+-----
Maces & Flails | 5 |  5.0
Stealth        | |  2.1
Unarmed Combat | |  3.6
Evocations     | |  1.2

Action                   || total
-------------------------++-------
Melee: Mace              ||    43
       Punch             ||     1
Armor: Leather armour    ||    44
Dodge: Dodged            ||    26
